AoeStats
← alex.feldblioum

Migration

509776545Analyzed
1v1 RM · 4d ago on Sep 28, 2026· 52m 34s· 2 players
Game mode
Random Map
Map size
132×132
Population
200
Speed
Normal
Resources
Standard
Victory
Conquest
Starting age
Dark Age
Ending age
Imperial Age
RankedLock teamsTeams togetherTeam positionsShared explorationLock speedFull tech treeHidden civsTurbo modeCheats
Victory
Defeat
🇨🇦 Cumans · Canada
680
+12
🇺🇸 Japanese · United States
594
-12
BBBOOONNNEEESSSAAAWWWW
11:21 Feudal Age
12:39 Double-Bit Axe
15:06 Arson
15:28 Fishing Lines
21:54 Castle Age
22:09 Pikeman
22:50 Squires
23:12 Bow Saw
24:56 Wheelbarrow
24:46 Forging
29:00 Thumb Ring
32:20 Iron Casting
38:51 Imperial Age
38:30 Gillnets
38:57 Capped Ram
40:20 Hoardings
40:26 Elite Samurai
40:30 Halberdier
44:34 Parthian Tactics
52:15 Elite Skirmisher
alex.feldblioum
6:59 Loom
10:00 Feudal Age
14:15 Wheelbarrow
13:28 Town Watch
14:20 Wheelbarrow
17:59 Horse Collar
23:00 Castle Age
20:55 Double-Bit Axe
24:18 Bloodlines
24:10 Heavy Plow
25:41 Scale Barding Armor
27:09 Medium Warships
27:39 Fletching
27:52 Padded Archer Armor
29:30 Ballistics
35:42 Imperial Age
34:49 Hand Cart
35:06 Thumb Ring
35:45 Steppe Husbandry
37:46 Light Cavalry
38:50 Forging
39:30 Parthian Tactics
40:09 Conscription
39:35 Heavy Cavalry Archer
43:10 Bow Saw
44:36 Hussar
46:49 Town Patrol
49:12 Capped Ram
52:01 Siege Ram
Connection lost

Rejoining the realm…

Still unreachable

The connection could not be restored.

Session expired

The server has moved on; the page needs a fresh start.